 Dungeon Crawl Stone Soup version 0.24-a0-433-gbe6fa4f6cc (webtiles) character file.

Game seed: 9665716896029665537

12 Gargoyl the Skirmisher (level 2, 0/26 HPs)
             Began as a Centaur Abyssal Knight on June 14, 2019.
             Was a Follower of Lugonu.
             Killed from afar by a raiju (14 damage)
             ... with a living lightning
             ... on level 2 of the Abyss.
             The game lasted 00:00:23 (99 turns).

Gargoyl the Skirmisher (Centaur Abyssal Knight)       Turns: 99, Time: 00:00:25

Health: 0/26       AC:  4    Str: 14    XL:     2   Next: 20%
Magic:  3/3        EV:  9    Int: 11    God:    Lugonu [*.....]
Gold:   0          SH:  0    Dex:  8    Spells: 1/1 levels left

rFire    . . .     SeeInvis .   a - +1 hand axe
rCold    . . .     Gourm    .   (no shield)
rNeg     . . .     Faith    .   b - +0 leather armour
rPois    .         Spirit   .   (no helmet)
rElec    .         Reflect  .   (no cloak)
rCorr    .         Harm     .   (no gloves)
MR       .....                  (no barding)
Stlth    ..........             (no amulet)
HPRegen  0.08/turn              (no ring)
MPRegen  0.08/turn              (no ring)

@: very quick
A: large, hooves 3, deformed body, speed 2, tough skin 3
a: Depart the Abyss, Renounce Religion


You were on level 2 of the Abyss.
You worshipped Lugonu.
Lugonu was aware of your devotion.
You were not hungry.

You visited 0 branches of the dungeon, and saw 0 of its levels.
You visited the Abyss 1 time.

Inventory:

Hand Weapons
 a - a +1 hand axe (weapon)
Armour
 b - a +0 leather armour (worn)
Comestibles
 c - 2 rations


   Skills:
 + Level 3.5 Fighting
 + Level 1.9 Axes
 + Level 1.4 Armour
 + Level 0.6 Dodging
 + Level 2.0 Invocations


You had one spell level left.
You didn't know any spells.
Your spell library was empty.

Dungeon Overview and Level Annotations

Branches:
Dungeon (0/15)

Altars:


Innate Abilities, Weirdness & Mutations

You have hooves in place of feet.
Armour fits poorly on your strangely shaped body.
You cover ground very quickly.
You have extremely tough skin. (AC +3)


Message History

A starcursed mass comes into view.
A starcursed mass splits.
Found a gateway leading deeper into the Abyss.
There is a gateway leading deeper into the Abyss here.
You plunge deeper into the Abyss.
Found a burning altar of Makhleb.
Found 20 stones.
Found a long sword.
c - 2 rations (gained 1)
Found a gateway leading out of the Abyss.
There is a gateway leading out of the Abyss here.
A small abomination comes into view.
A raiju comes into view.
A raiju comes into view.
The raiju barks!
You hear a bark!
The raiju bursts into living lightning!
The living lightning hits the raiju.
The raiju completely resists.
The living lightning hits you!
Ouch! That really hurt!
You die...

.. .#.# .. .#. .
#.# #.. . #. ..#
... .. ... .. #.
..# hh.##.#.##..# .
#..#.....# .#
#.@.#.# #.# .#
###...# ..# ..
#...#.##.## # .
####.#..#.##...##..
##..##.#.#.#.# . #
#..#. #...#...#. #
#..#...#..#.# .
##....#..## ...##
#.....##.# . .# #


You could see 2 raiju.

Vanquished Creatures
  A white imp (Abyss:1)
  An ufetubus (Abyss:1)
2 creatures vanquished.

Notes
Turn   | Place    | Note
-------+----------+-------------------------------------------
     0 | Abyss:1  | Gargoyl the Centaur Abyssal Knight began the quest for the
                  | Orb.
     0 | Abyss:1  | Reached XP level 1. HP: 19/19 MP: 2/2
    39 | Abyss:1  | Reached XP level 2. HP: 10/26 MP: 3/3
    43 | Abyss:1  | Noticed a ynoxinul
    47 | Abyss:1  | Noticed an apocalypse crab
    56 | Abyss:1  | Noticed a starcursed mass
    61 | Abyss:2  | Found a burning altar of Makhleb.
    84 | Abyss:2  | Noticed a small abomination
    98 | Abyss:2  | Noticed a raiju
    99 | Abyss:2  | Noticed a raiju
    99 | Abyss:2  | Killed from afar by a raiju

Levels and vault maps discovered:
Abyss:2

Action                   || total
-------------------------++-------
Melee: Hand axe          ||     5
       Kick              ||     1
  Use: Scroll            ||     1
Armor: Leather armour    ||     3
Dodge: Dodged            ||     5

Table legend:
 A = Non-vault XP
 B = Vault XP
 C = Vault XP percentage of total XP
 D = Non-vault monster count
 E = Vault monster count
 F = Vault count percentage of total count
                 A         B        C        D         E       F
            +---------+---------+-------+---------+---------+-------
      Total |      18 |       0 |   0.0 |       2 |       0 |   0.0
            +---------+---------+-------+---------+---------+-------
    Abyss:1 |      18 |       0 |   0.0 |       2 |       0 |   0.0
            +---------+---------+-------+---------+---------+-------
